 Dungeon Crawl Stone Soup version 0.29-a0-110-g189f89ecda (webtiles) character file.

Game seed: 15358053588866988256

21396 Murumi the Grappler (level 12, -9/119 HPs)
             Began as a Troll Monk on Feb 16, 2022.
             Was a High Priest of Okawaru.
             Mangled by a redback (10 damage)
             ... on level 3 of the Lair of Beasts on Feb 17, 2022.
             The game lasted 00:58:21 (12354 turns).

Murumi the Grappler (Troll Monk)                   Turns: 12354, Time: 00:58:22

Health: -9/119     AC: 12    Str: 22    XL:     12   Next: 53%
Magic:  14/14      EV:  7    Int: 10    God:    Okawaru [*****.]
Gold:   427        SH:  0    Dex: 16    Spells: 11/11 levels left

rFire   + . .      SeeInvis +     - Unarmed
rCold   + + .      Faith    .   (no shield)
rNeg    . . .      Spirit   .   D - +2 troll leather armour
rPois   +          Reflect  +   (helmet restricted)
rElec   .          Harm     .   B - +2 cloak
rCorr   .          Rampage  .   (gloves unavailable)
Will    +....                   (boots unavailable)
Stlth   +++.......              q - amulet of Plog {Reflect Will+ SH+5 SInv}
HPRegen 1.89/turn               e - ring of Laorege {rPois rF++ rC+ Dex+4 Stlth+}
MPRegen 0.14/turn               p - ring of ice

@: held
A: large, unfitting armour, claws 3, regeneration 1, shaggy fur 1, tough skin 1
a: Renounce Religion, Heroism, Finesse, Duel


You were on level 3 of the Lair of Beasts.
You worshipped Okawaru.
Okawaru was extremely pleased with you.
You visited 3 branches of the dungeon, and saw 14 of its levels.
You also visited: Ossuary.

You collected 724 gold pieces.
You spent 297 gold pieces at shops.

Inventory:

Missiles
 b - 8 boomerangs
 d - 396 stones (quivered)
 u - 16 poisoned darts
 y - 7 atropa-tipped darts
 z - 3 throwing nets
 E - 6 large rocks
 G - 3 javelins
 I - 4 curare-tipped darts
Armour
 B - a +2 cloak (worn)
 D - a +2 troll leather armour (worn)
Jewellery
 e - the ring of Laorege (left claw) {rPois rF++ rC+ Dex+4 Stlth+}
   (You acquired it on level 1 of the Dungeon)

   [ring of protection from cold]

   Dex:       It affects your dexterity (+4).
   rF:        It greatly protects you from fire.
   rC:        It protects you from cold.
   rPois:     It protects you from poison.
   Stlth:     It makes you more stealthy.
 k - a +6 ring of intelligence
 p - a ring of ice (right claw)
 q - the amulet of Plog (around neck) {Reflect Will+ SH+5 SInv}
   (You acquired it on level 4 of the Dungeon)

   [amulet of reflection]

   It reflects blocked missile attacks.
   SInv:      It lets you see invisible.
   SH:        It affects your SH (+5).
   Will:      It increases your willpower.
 t - a ring of resist corrosion
Wands
 a - a wand of polymorph (4)
 l - a wand of iceblast (12)
 C - a wand of flame (24)
Scrolls
 h - 2 scrolls of amnesia
 i - 9 scrolls of teleportation
 r - 2 scrolls of enchant weapon
 A - 4 scrolls of magic mapping
Potions
 c - 6 potions of curing
 f - 3 potions of attraction {unknown}
 g - 2 potions of lignification {unknown}
 j - 6 potions of haste
 m - 6 potions of heal wounds
 n - a potion of berserk rage {unknown}
 o - a potion of brilliance {unknown}
 s - 3 potions of magic
 v - 4 potions of might
 w - 2 potions of resistance {unknown}
 x - a potion of ambrosia {unknown}
 F - a potion of mutation {unknown}
 J - a potion of cancellation {unknown}
 K - 2 potions of invisibility {unknown}
 L - 2 potions of flight {unknown}
Miscellaneous
 H - a condenser vane


   Skills:
 - Level 8.0 Fighting
 - Level 9.0 Throwing
 - Level 5.0 Armour
 - Level 8.0 Dodging
 - Level 2.0 Stealth
 + Level 10.6 Unarmed Combat
 - Level 5.0 Invocations
 - Level 3.0 Evocations


You had 11 spell levels left.
You didn't know any spells.
Your spell library contained the following spells:

 Spells                   Type           Power      Damage    Failure   Level
 Freeze                   Ice            0%         1d3       41%         1
 Corpse Rot               Necr/Air       0%         N/A       54%         2
 Ensorcelled Hibernation  Hex/Ice        0%         N/A       54%         2
 Passwall                 Tmut/Erth      0%         N/A       54%         2
 Poisonous Vapours        Pois/Air       0%         N/A       54%         2
 Scorch                   Fire           0%         2d5       54%         2
 Dazzling Flash           Conj/Hex       0%         N/A       78%         3
 Frozen Ramparts          Ice            0%         1d2       78%         3
 Swiftness                Air            0%         N/A       78%         3
 Airstrike                Air            0%         N/A       99%         4
 Flame Wave               Conj/Fire      0%         2d4       99%         4
 Hailstorm                Conj/Ice       0%         3d3       99%         4
 Agony                    Necr           0%         N/A       100%        5
 Lightning Bolt           Conj/Air       0%         1d11      100%        5
 Silence                  Hex/Air        0%         N/A       100%        5
 Summon Lightning Spire   Summ/Air       Unusable   N/A       N/A         4
 Summon Cactus Giant      Summ           Unusable   N/A       N/A         6

Dungeon Overview and Level Annotations

Branches:
Dungeon (10/15)            Temple (1/1) D:7            Lair (3/6) D:9
 Shoals (0/4) Lair:3      Ossuary (visited)
  Snake: Lair:2-4    Spider: Lair:2-4       Orc: D:9-12

Altars:
Ashenzari
Cheibriados
Dithmenos
Elyvilon
Fedhas
Gozag
Hepliaklqana
Kikubaaqudgha
Makhleb
Nemelex Xobeh
Okawaru
Qazlal
Ru
Sif Muna
Trog
Uskayaw
Vehumet
Wu Jian
Xom
Yredelemnul
Zin
The Shining One

Shops:
D:4 *   D:9 [*


Innate Abilities, Weirdness & Mutations

You are too large for most types of armour.
You have claws for hands.
Your natural rate of healing is unusually fast.
You are covered in fur. (AC +1)
You have tough skin. (AC +1)


Message History

The jumping spider completely misses you.
The jumping spider closely misses you.
You scratch the jumping spider but do no damage.
The jumping spider is almost dead.
The jumping spider pounces on you.
The jumping spider bites you but does no damage.
The redback misses you. The culicivora bites you!!
The culicivora draws strength from your injuries!
The jumping spider pounces on you. The jumping spider closely misses you.
You closely miss the jumping spider.
The jumping spider is almost dead.
The redback closely misses you. You block the culicivora's attack.
The jumping spider pounces on you!
You are caught in a web!
The jumping spider barely misses you. The redback bites you!
Unknown command.
The web tears apart.
You block the culicivora's attack.
The jumping spider completely misses you.
You block the jumping spider's attack. The redback closely misses you.
The culicivora bites you!
The culicivora draws strength from your injuries!
You are too injured to fight recklessly!
You are too injured to fight recklessly!
You barely miss the jumping spider.
The jumping spider is almost dead.
The jumping spider pounces on you!
You are caught in a web!
The jumping spider closely misses you. The redback barely misses you.
The culicivora bites you!
* * * LOW HITPOINT WARNING * * *
The culicivora draws strength from your injuries!
The jumping spider pounces on you but does no damage.
The jumping spider bites you but does no damage.
The web tears apart.
You block the redback's attack. The culicivora bites you!
* * * LOW HITPOINT WARNING * * *
The culicivora draws strength from your injuries!
The jumping spider pounces on you!
* * * LOW HITPOINT WARNING * * *
You are caught in a web!
The jumping spider bites you but does no damage.
The redback bites you!
You die...

. #####.##..##.....#
...^.##..###.#...#.#..#
#.^^.^#..........####.#
#.(^.##P.....P### ##
..^^^#.......#
#^^.###.....###
#.^^##.##....#
#.ss.......PP
#s@..###.....# #......#
#....## #.##.### ### #
###


You could see a culicivora, a jumping spider and a redback.

Vanquished Creatures
  The ghost of erthbison the Basher, a journeyman GrFi of the Shining One (Lair:1)
  3 hydras
  An ice dragon (Lair:1)
  A two-headed ogre (D:10)
  Sonja (Lair:1)
  A spectral death yak (Lair:1)
  Pikel (D:4)
  A merfolk siren (Lair:3)
  An elephant (D:9)
  Maurice (D:10)
  2 cane toads
  2 rime drakes (Lair:3)
  6 komodo dragons
  A troll (D:10)
  3 merfolk (Lair:3)
  A hornet (D:9)
  Grinder (D:5)
  Prince Ribbit (D:6)
  3 blink frogs (Lair:1)
  Sigmund (D:5)
  3 wyverns
  2 basilisks
  17 yaks
  3 steam dragons
  Menkaure (D:7)
  Edmund (D:6)
  A death yak simulacrum (Lair:1)
  2 hydra simulacra (Lair:1)
  4 water moccasins
  Duvessa (D:6)
  A spectral torpor snail (Lair:1)
  2 ice beasts
  7 black bears
  8 orc warriors
  3 sky beasts
  4 necrophages
  An ogre (D:4)
  10 wolves
  2 centaurs
  A phantom (D:4)
  3 lemures (D:4)
  A kobold brigand (D:10)
  An elf zombie (Ossuary)
  5 bullfrogs
  A wyvern zombie (D:6)
  A scorpion (D:6)
  Dowan (D:6)
  4 killer bees (D:10)
  A water moccasin skeleton (D:6)
  7 wights
  A fire crab simulacrum (Lair:1)
  A bullfrog zombie (D:7)
  3 hounds
  3 centaur zombies (Ossuary)
  A jelly (D:5)
  A human zombie (Ossuary)
  A centaur skeleton (D:7)
  10 orc priests
  2 bullfrog skeletons
  2 iguanas (D:6)
  11 orc wizards
  2 mummies (Ossuary)
  A howler monkey zombie (D:6)
  A howler monkey skeleton (D:7)
  5 adders
  An ufetubus (D:4)
  2 worms (D:2)
  3 dart slugs
  40 orcs
  6 ball pythons
  12 bats
  7 endoplasms
  3 giant cockroaches
  10 hobgoblins
  4 jackals (D:2)
  10 kobolds
  2 quokkas (D:1)
  4 frilled lizards
  13 goblins
  3 goblin zombies (Ossuary)
  8 hobgoblin zombies (Ossuary)
  A jackal zombie (Ossuary)
  11 kobold zombies (Ossuary)
  9 orc zombies (Ossuary)
  2 rats
328 creatures vanquished.

Vanquished Creatures (others)
  An orc warrior (D:8)
  3 fungi (Lair:3)
  4 plants
8 creatures vanquished.

Grand Total: 336 creatures vanquished

Notes
Turn   | Place    | Note
-------+----------+-------------------------------------------
     0 | D:1      | Murumi the Troll Monk began the quest for the Orb.
     0 | D:1      | Reached XP level 1. HP: 22/22 MP: 0/0
    63 | D:1      | Reached XP level 2. HP: 29/29 MP: 1/1
   262 | D:1      | Reached XP level 3. HP: 37/37 MP: 2/2
   295 | D:1      | Identified a scroll of acquirement
   295 | D:1      | Acquired the ring of Laorege {rPois rF++ rC+ Dex+4 Stlth+}
   402 | D:1      | Reached skill level 1 in Throwing
   997 | D:2      | Found a faded altar of an unknown god.
  1104 | D:2      | Reached XP level 4. HP: 45/45 MP: 3/3
  1621 | D:3      | Reached skill level 1 in Armour
  2351 | D:4      | Noticed an ogre
  2418 | D:4      | Reached XP level 5. HP: 52/53 MP: 4/4
  2482 | D:4      | Reached skill level 1 in Evocations
  2675 | D:4      | Noticed a lemure
  2698 | D:4      | Killed an ogre
  2699 | D:4      | Reached skill level 4 in Unarmed Combat
  2699 | D:4      | Reached XP level 6. HP: 61/61 MP: 5/5
  2748 | D:4      | Noticed Pikel
  3043 | D:4      | Found Tilyng's General Store.
  3268 | D:4      | Killed Pikel
  3269 | D:4      | Reached skill level 5 in Unarmed Combat
  3269 | D:4      | Reached XP level 7. HP: 61/67 MP: 6/6
  3581 | D:4      | Acquired the amulet of Plog {Reflect Will+ SH+5 SInv}
  3679 | D:5      | Entered Level 5 of the Dungeon
  3743 | D:5      | Reached XP level 8. HP: 68/75 MP: 7/7
  3751 | D:5      | Noticed Grinder
  3770 | D:5      | Killed Grinder
  3771 | D:5      | Reached skill level 5 in Armour
  3811 | D:5      | Found a sand-covered staircase.
  3816 | Ossuary  | Entered an ossuary
  4185 | D:5      | Noticed Sigmund
  4202 | D:5      | Killed Sigmund
  4203 | D:5      | Reached skill level 5 in Throwing
  4222 | D:5      | Reached skill level 6 in Unarmed Combat
  4247 | D:5      | Found an ancient bone altar of Kikubaaqudgha.
  4346 | D:5      | Reached XP level 9. HP: 72/84 MP: 8/8
  4693 | D:6      | Noticed Duvessa
  4699 | D:6      | Noticed Dowan
  4707 | D:6      | Killed Duvessa
  4708 | D:6      | Reached skill level 7 in Unarmed Combat
  4714 | D:6      | Killed Dowan
  4769 | D:6      | Found a glowing silver altar of Zin.
  5013 | D:6      | Noticed Prince Ribbit
  5016 | D:6      | Noticed Edmund
  5021 | D:6      | Killed Prince Ribbit
  5037 | D:6      | Killed Edmund
  5038 | D:6      | Reached skill level 5 in Fighting
  5855 | D:7      | Noticed Menkaure
  5868 | D:7      | Killed Menkaure
  5869 | D:7      | Reached skill level 5 in Dodging
  5944 | D:7      | Found a staircase to the Ecumenical Temple.
  5954 | Temple   | Entered the Ecumenical Temple
  6174 | Temple   | Became a worshipper of Warmaster Okawaru
  6174 | Temple   | Reached * piety under Okawaru
  6174 | Temple   | Reached ** piety under Okawaru
  6325 | D:7      | Reached skill level 8 in Unarmed Combat
  6332 | D:7      | Found a glowing golden altar of the Shining One.
  6332 | D:7      | Found a sacrificial altar of Ru.
  6382 | D:7      | Found a shimmering blue altar of Sif Muna.
  6481 | D:7      | Reached skill level 1 in Invocations
  6542 | D:7      | Reached XP level 10. HP: 95/96 MP: 10/10
  7312 | D:8      | Reached *** piety under Okawaru
  8116 | D:9      | Found Haway's Armour Shop.
  8281 | D:9      | Found a sparkling altar of Nemelex Xobeh.
  8331 | D:9      | Noticed an elephant
  8342 | D:9      | Killed an elephant
  8361 | D:9      | Reached skill level 9 in Unarmed Combat
  8363 | D:9      | Found a staircase to the Lair.
  8429 | D:9      | Upgraded the game from 0.29-a0-103-g37f86683bf to
                  | 0.29-a0-110-g189f89ecda
  8453 | D:9      | Found Siavvayx's General Store.
  8465 | D:9      | Paralysed by a hornet for 3 turns
  8544 | D:9      | Bought a +2 troll leather armour for 297 gold pieces
  9005 | D:10     | Entered Level 10 of the Dungeon
  9128 | D:10     | Reached **** piety under Okawaru
  9324 | D:10     | Noticed Maurice
  9332 | D:10     | Killed Maurice
  9332 | D:10     | Received a gift from Okawaru
  9333 | D:10     | Reached XP level 11. HP: 105/105 MP: 9/12
  9336 | D:10     | Noticed a two-headed ogre
  9341 | D:10     | Killed a two-headed ogre
  9543 | D:10     | Found a hide-covered altar of Uskayaw.
  9632 | Lair:1   | Entered Level 1 of the Lair of Beasts
  9649 | D:9      | Received a gift from Okawaru
  9927 | Lair:1   | Noticed a seven-headed hydra
  9945 | Lair:1   | Killed a seven-headed hydra
  9945 | Lair:1   | Reached ***** piety under Okawaru
 10017 | Lair:1   | Noticed a five-headed hydra
 10032 | Lair:1   | Noticed an ice dragon
 10032 | Lair:1   | a five-headed hydra changed into an ice dragon
 10041 | Lair:1   | Killed an ice dragon
 10083 | Lair:1   | Noticed Sonja
 10098 | Lair:1   | Killed Sonja
 10098 | Lair:1   | Received a gift from Okawaru
 10401 | Lair:1   | Found a runed translucent gate.
 10401 | Lair:1   | Found a runed translucent gate.
 10402 | Lair:1   | Found a runed translucent gate.
 10404 | Lair:1   | Noticed erthbison's ghost (journeyman GrFi)
 10563 | Lair:1   | Killed erthbison's ghost
 11138 | Lair:2   | Reached skill level 10 in Unarmed Combat
 11138 | Lair:2   | Reached XP level 12. HP: 118/118 MP: 14/14
 11604 | Lair:2   | Identified the +2 robe of Gok Oqy {Contam rPois rC+ rCorr}
                  | (Okawaru gifted it to you on level 2 of the Lair of Beasts)
 11604 | Lair:2   | Received a gift from Okawaru
 11636 | Lair:3   | Noticed an eight-headed hydra
 11915 | Lair:3   | Killed an eight-headed hydra
 11976 | Lair:3   | Noticed a five-headed hydra
 12005 | Lair:3   | Killed a five-headed hydra
 12006 | Lair:3   | Reached skill level 5 in Invocations
 12164 | Lair:3   | Found a staircase to the Shoals.
 12354 | Lair:3   | HP: 1/119 [jumping spider (14)]
 12354 | Lair:3   | Mangled by a redback

Illustrated notes

Levels and vault maps discovered:
D:1:      lightli_arrival_flooded_house, layout_basic, feat_on_display
D:2:      layout_basic, hellmonk_ecumenical_altar_dog_temple, minmay_tripent
D:3:      layout_basic
D:4:      layout_layer_cave, serial_shops, shop_coins,
          small_statue_intersection, uniq_pikel
D:5:      layout_rooms, kiku_gazebo_pond_becter, enter_ossuary_2, uniq_sigmund,
          uniq_grinder
D:6:      layout_loops_corners, lemuel_tele_altar, kennysheep_decorative_pillar,
          uniq_edmund, uniq_prince_ribbit1, uniq_duvessa
D:7:      kennysheep_six_static_rooms, layout_rooms, general_overflow_altar,
          gammafunk_temple_overflow_elements, minmay_temple_entry_large_hall,
          grunt_ministairs_8, uniq_menkaure
D:8:      layout_basic, nrook_uturn
D:9:      layout_loops_cross, nemelex_xobeh_ov_fountains_minmay,
          david_lair_generic, serial_shops, nicolae_inconvenience_store,
          nicolae_shop_waterfront
D:10:     layout_gridville, lemuel_coloured_pillars_altar, uniq_maurice
Temple:   regret_index_temple_generic_petals
Lair:1:   layout_hall_layers, gammafunk_ghost_necromancy, uniq_sonja
Lair:2:   layout_chaotic_city, grunt_megastairs_4
Lair:3:   layout_misc_corridors, elwin_shoals_entry_stream,
          spider_nest_entry_funnel_web, lemuel_old_faithful

Skill      XL: |  1  2  3  4  5  6  7  8  9 10 11 12 |
---------------+-------------------------------------+-----
Fighting       | 3 4 5 6 7 8 |  8.0
Dodging        | 3 4 5 6 7 8 |  8.0
Throwing       | 2 3 4 5 6 8 9 |  9.0
Armour         | 1 4 5 |  5.0
Evocations     | 1 2 3 |  3.0
Unarmed Combat | 4 5 6 8 9 10 | 10.6
Invocations    | 2 3 4 5 |  5.0
Stealth        | 2 |  2.0

Action                   |  1- 3 |  4- 6 |  7- 9 | 10-12 || total
-------------------------+-------+-------+-------+-------++-------
Melee: Unarmed           |   105 |   125 |   308 |   513 ||  1051
       Punch             |     2 |     4 |    14 |    33 ||    53
Throw: Stone             |    51 |    24 |    75 |   188 ||   338
       Dart              |       |     9 |    17 |    33 ||    59
       Boomerang         |       |       |       |    12 ||    12
       Javelin           |       |       |       |     4 ||     4
       Large rock        |       |       |       |     7 ||     7
Invok: Heroism           |       |       |       |     6 ||     6
       Finesse           |       |       |       |     3 ||     3
Evoke: Wand              |       |     1 |       |    10 ||    11
  Use: Scroll            |     3 |     6 |    11 |     2 ||    22
 Stab: Sleeping          |     6 |    10 |     6 |    10 ||    32
       Distracted        |       |     1 |       |       ||     1
       Invisible         |       |       |     2 |       ||     2
Armor: Robe              |    45 |    24 |    33 |    37 ||   139
       Skin              |       |       |     3 |       ||     3
       Troll leather arm |       |       |       |   123 ||   123
Dodge: Dodged            |    68 |    38 |   129 |   274 ||   509
Block: Other             |       |       |    35 |    81 ||   116
       Reflection        |       |       |     1 |     2 ||     3

Table legend: (Time is in decaauts)
 A = Elapsed time spent in this place.
 B = Non-inter-level travel time spent in this place.
 C = Inter-level travel time spent in this place.
 D = Time resting spent in this place.
 E = Time spent auto-exploring this place.
 F = Levels seen in this place.
 G = Mean time per level.
                   A        B        C        D        E       F      G
               +--------+--------+--------+--------+--------+-----+--------+
         Total |  12146 |  10887 |   1259 |     57 |   8278 |  15 |  809.7 |
       Dungeon |   9020 |   8013 |   1007 |     47 |   6118 |  10 |  902.0 |
        Temple |    246 |    182 |     64 |      0 |    179 |   1 |  246.0 |
          Lair |   2592 |   2405 |    187 |      4 |   1853 |   3 |  864.0 |
       Ossuary |    287 |    287 |      0 |      6 |    127 |   1 |  287.0 |
               +--------+--------+--------+--------+--------+-----+--------+

Top non-repeatable levels by time:
     D:4: 1283 daAuts
     D:6: 1160 daAuts
     D:8: 1130 daAuts
  Lair:1: 1079 daAuts
     D:9: 940 daAuts
     D:3: 915 daAuts
     D:7: 896 daAuts
  Lair:2: 856 daAuts
     D:1: 833 daAuts
     D:2: 672 daAuts
  Lair:3: 656 daAuts
     D:5: 633 daAuts
    D:10: 555 daAuts
 Ossuary: 287 daAuts
  Temple: 246 daAuts
